 Dungeon Crawl Stone Soup version 0.32-a0-986-ga09f62fbf4 (webtiles) character file.

Game seed: 12298458398797131579

1159 protoss039 the Digger (level 8, 64/64 HPs)
             Began as a Demonspawn Earth Elementalist on Apr 21, 2024.
             Got out of the dungeon alive.
             The game lasted 00:14:36 (4837 turns).

protoss039 the Digger (DsEE)                        Turns: 4837, Time: 00:14:36

Health: 64/64      AC: 10    Str: 12    XL:     8   Next: 16%
Magic:  15/15      EV: 11    Int: 18    God:
Gold:   175        SH:  0    Dex: 13    Spells: 9/16 levels left

rFire   + . .        a - +0 dagger (venom)
rCold   x . .        (no shield)
rNeg    . . .        b - +2 animal skin
rPois   +            g - +2 helmet
rElec   .            (no cloak)
rCorr   .            l - +0 pair of gloves of Articulation {rPois rF+ rC- Str+3}
SInv    .            (no boots)
Will    .....        (no amulet)
Stlth   ++           (no ring)
HPRegen 0.30/turn    (no ring)
MPRegen 0.28/turn

%: no passive effects
@: no status effects
A: rugged brown scales 2, ignite blood 1, magic regeneration
a: no special abilities


You escaped.
You visited 1 branch of the dungeon, and saw 6 of its levels.
You also visited: Sewer.

You collected 234 gold pieces.
You spent 59 gold pieces at shops.

Inventory:

Hand Weapons
 a - a +0 dagger of venom (weapon)
 d - a +0 whip of electrocution
 m - a +1 vampiric war axe
Armour
 b - a +2 animal skin (worn)
 g - a +2 helmet (worn)
 l - the +0 pair of gloves of Articulation (worn) {rPois rF+ rC- Str+3}
   (You found it on level 3 of the Dungeon)

   Str+3:     It affects your strength (+3).
   rF+:       It protects you from fire.
   rC-:       It makes you vulnerable to cold.
   rPois:     It protects you from poison.
Scrolls
 e - a scroll of identify
 f - a scroll of blinking
 h - 2 scrolls of enchant weapon {unknown}
 j - a scroll of revelation {unknown}
 k - 2 scrolls of fear {unknown}
 p - 2 scrolls of butterflies {unknown}
 s - a scroll of poison {unknown}
Potions
 c - a potion of curing
 i - 4 potions of heal wounds
 n - 2 potions of enlightenment {unknown}
 o - a potion of berserk rage {unknown}
 q - 2 potions of ambrosia {unknown}
 r - a potion of brilliance {unknown}


   Skills:
 + Level 4.7 Fighting
 + Level 2.1 Armour
 - Level 3.0 Dodging
 - Level 1.7 Stealth
 + Level 4.8 Spellcasting
 + Level 2.6 Conjurations
 + Level 5.1 Earth Magic


You had 9 spell levels left.
You knew the following spells:

 Your Spells              Type           Power      Damage    Failure   Level
a - Sandblast             Erth           46%        2d11      1%          1
b - Passwall              Erth           23%        N/A       4%          3
c - Stone Arrow           Conj/Erth      36%        3d9       9%          3

Your spell library contained the following spells:

 Spells                   Type           Power      Damage    Failure   Level
 Slow                     Hex            16%        N/A       14%         1
 Ensorcelled Hibernation  Hex/Ice        8%         N/A       21%         2
 Scorch                   Fire           8%         2d5       21%         2
 Brom's Barrelling Bould  Conj/Erth      18%        2d4       26%         4
 Confusing Touch          Hex            4%         N/A       38%         3
 Swiftness                Air            4%         N/A       38%         3
 Teleport Other           Tloc           4%         N/A       38%         3
 Vampiric Draining        Necr           4%         2d6       38%         3
 Petrify                  Alch/Erth      13%        N/A       43%         4
 Flame Wave               Conj/Fire      9%         2d6       61%         4
 Animate Dead             Necr           4%         N/A       80%         4
 Dispersal                Tloc           2%         N/A       100%        6
 Gell's Gavotte           Tloc           2%         2d(12-18) 100%        6
 Summon Cactus Giant      Summ           2%         N/A       100%        6
 Haunt                    Necr/Summ      2%         N/A       100%        7
 Infestation              Necr           2%         N/A       100%        8


Dungeon Overview and Level Annotations

Branches:
Dungeon (6/15) Zot: 25692   Sewer (visited)
 Temple: D:4-7

Altars:
Ashenzari
Gozag
Nemelex Xobeh
Okawaru
Ru
Trog
Wu Jian
Yredelemnul

Shops:
D:3 !?

Annotations:
D:3 exclusion: door


Innate Abilities, Weirdness & Mutations

You are mostly covered in rugged brown scales. (AC +2, +5% HP)
Your demonic aura sometimes causes spilled blood to erupt in flames.
You regenerate magic rapidly.


Message History

Pikel closely misses you.
Unknown command.
Casting: Stone Arrow (dangerous; 11% risk of failure)
Confirm with . or Enter, or press ? or * to list all spells.
Aiming: Stone Arrow (dangerous; 11% risk of failure)
Press: ? - help, Shift-Dir - straight line, f/p - Pikel
Aim: Pikel, wielding a +0 whip of electrocution and wearing a +0 robe (almost dead, 60% to hit)
The stone arrow hits Pikel!
You kill Pikel!
Training target 3.0 for Dodging reached!
Your Armour skill increases to level 2!
Your Dodging skill increases to level 3!
Your Conjurations skill increases to level 2!
Your Earth Magic skill increases to level 5!
You have reached level 8!
You feel stronger.
Your demonic ancestry asserts itself...
Your blood heats up.
Things that are here:
a +0 whip of electrocution; a +0 robe Unknown command.
d - a +0 whip of electrocution What level of the Dungeon? (default 3, ? - help)
There is an open door here.
There is a stone staircase leading up here.
You climb upwards.
Level annotation: exclusion: door
There is a stone staircase leading down here.
There is a stone staircase leading up here.
You climb upwards.
There is a stone staircase leading down here.
There is a stone staircase leading up here.
You climb upwards.
There is a stone staircase leading down here.
Magic restored.
You see here a bat skeleton.
There is a large open door here.
You enter the shallow water.
Moving in this stuff is going to be slow.
There is a staircase leading out of the dungeon here.
You have escaped!

.............################ #.
......###.#.................# #.
....#.# #.###########..###.## #.
#...#.# #.##~~~~~~~~.ß.# #.# #.
#...#.# #.#~~.....~~~.####.#####.
#...#.# #.#~..~~~..~~.##.........
#...#.###.#..~~~~~..~.#..#.#####.
#####.†...#.~~...~~.~.'.##.#.....
#.....÷>#.+.~..~@~..~.'.##.######
#.#####)#.+.~.~~...~~.#.##.# #
#.# #..##.~..~~~~~..#.##.######
#.# #..##.~~.^~~~..~#........##
..#####..##.~~~.....~~#........##
.##......#.ß.~~~~~~~~##........##
............###########.##.######
..########..............##.######
### ####..###########÷......


There were no monsters in sight!

Vanquished Creatures
  Pikel (D:4)
  2 lemures (D:4)
  3 bombardier beetles
  2 orc priests
  2 jellies
  A sleepcap (D:3)
  2 orc wizards
  6 iguanas
  A hell rat (Sewer)
  Robin (D:2)
  3 gnolls
  4 adders
  3 river rats (Sewer)
  A white imp (D:4)
  A ribbon worm (D:2)
  A dart slug (D:1)
  16 orcs
  4 endoplasms
  4 giant cockroaches
  4 goblins
  14 hobgoblins
  A quokka (D:1)
  7 ball pythons
  5 bats
  3 frilled lizards
  2 goblin skeletons (D:4)
  A goblin zombie (D:4)
  A hobgoblin zombie (D:4)
  5 kobolds
  An orc skeleton (D:4)
  4 orc zombies (D:4)
  15 rats
121 creatures vanquished.

Notes
Turn   | Place    | Note
-------+----------+-------------------------------------------
     0 | D:1      | protoss039 the Demonspawn Earth Elementalist began the
                  | quest for the Orb.
     0 | D:1      | Reached XP level 1. HP: 13/13 MP: 3/3
   328 | D:1      | Gained mutation: You are partially covered in rugged brown
                  | scales. (AC +1, +3% HP) [demonic ancestry]
   328 | D:1      | Reached XP level 2. HP: 7/20 MP: 5/5
   471 | D:1      | Reached skill level 1 in Fighting
   770 | D:1      | Reached skill level 3 in Earth Magic
  1136 | D:2      | Reached XP level 3. HP: 20/26 MP: 1/6
  1343 | D:2      | Noticed Robin
  1523 | D:2      | Killed Robin
  1765 | D:2      | Found a faded altar of an unknown god.
  1942 | D:2      | Learned a level 3 spell: Passwall
  1946 | D:2      | Learned a level 3 spell: Stone Arrow
  2033 | D:3      | Gained mutation: You regenerate magic rapidly. [demonic
                  | ancestry]
  2033 | D:3      | Reached XP level 4. HP: 33/33 MP: 5/8
  2185 | D:3      | Found an ornate altar of the Wu Jian Council.
  2398 | D:3      | Found a sparkling altar of Nemelex Xobeh.
  2441 | D:3      | Found a basalt altar of Yredelemnul.
  2441 | D:3      | Noticed a weeping skull
  2472 | D:3      | Found Sonkouf's Distillery.
  2476 | D:3      | Reached XP level 5. HP: 40/40 MP: 7/9
  2492 | D:3      | Bought a potion of curing for 39 gold pieces
  2535 | D:3      | Found Tuwned's Magic Scroll Emporium.
  2545 | D:3      | Bought a scroll of identify for 20 gold pieces
  2673 | D:3      | Found a faded altar of an unknown god.
  2677 | D:3      | Found an opulent altar of Gozag.
  2833 | D:3      | Identified the +0 pair of gloves of Articulation {rPois rF+
                  | rC- Str+3}
  3078 | D:4      | You fall into a shaft and drop 2 floors!
  3141 | D:6      | Reached skill level 4 in Earth Magic
  3180 | D:6      | Reached XP level 6. HP: 42/48 MP: 2/11
  3241 | D:6      | Found a broken altar of Ashenzari.
  3286 | D:5      | Entered Level 5 of the Dungeon
  3475 | D:4      | Found a glowing drain.
  3508 | Sewer    | Entered a sewer
  3603 | Sewer    | Gained mutation: You are mostly covered in rugged brown
                  | scales. (AC +2, +5% HP) [demonic ancestry]
  3603 | Sewer    | Reached XP level 7. HP: 12/56 MP: 1/13
  3954 | D:4      | Found a bloodstained altar of Trog.
  4187 | D:4      | Found a sacrificial altar of Ru.
  4195 | D:4      | Found an iron altar of Okawaru.
  4273 | D:4      | Reached skill level 1 in Armour
  4484 | D:5      | Noticed Pikel
  4761 | D:4      | Killed Pikel
  4762 | D:4      | Reached skill level 5 in Earth Magic
  4762 | D:4      | Gained mutation: Your demonic aura sometimes causes spilled
                  | blood to erupt in flames. [demonic ancestry]
  4762 | D:4      | Reached XP level 8. HP: 64/64 MP: 2/15
  4837 | D:$      | Got out of the dungeon alive.

Illustrated notes

Levels and vault maps discovered:
D:1:      psy_arrival_whirlpool, layout_basic
D:2:      layout_rooms, ebering_ecumenical_altar_mist, bh_walls_and_bars,
          uniq_robin
D:3:      layout_loops_cross, pdpol_wu_jian_five_deadly_venoms,
          nemelex_xobeh_ov_fountains_minmay,
          yredelemnul_forgotten_temple_becter, mainiacjoe_overflow_alcove_2,
          nicolae_overflow_ecumenical_swirl, serial_shops, shop, shop
D:4:      layout_basic, bloody_trog, nicolae_tso_besieged_by_evil,
          amethyst_overflow_temple_binary, portal_sewer_entry_b,
          grunt_ministairs_6
D:5:      layout_gridville, uniq_pikel
D:6:      gammafunk_wand_slinger, layout_basic, evilmike_ruin_ashenzari

Skill      XL: |  1  2  3  4  5  6  7 |
---------------+----------------------+-----
Fighting       | 1 2 3 4 |  4.7
Earth Magic    | 3 4 5 |  5.1
Spellcasting   | 3 4 |  4.8
Dodging        | 3 |  3.0
Armour         | 2 |  2.1
Conjurations   | 2 |  2.6
Stealth        | |  1.7

Action                     |  1- 3 |  4- 6 |  7- 9 || total
---------------------------+-------+-------+-------++-------
  Melee: Unarmed           |    30 |       |       ||    30
         Dagger            |     9 |    64 |    15 ||    88
         Punch             |     1 |       |       ||     1
   Cast: Sandblast         |    78 |    68 |    11 ||   157
         Stone Arrow       |       |    14 |    25 ||    39
         Passwall          |       |     3 |       ||     3
    Use: Potion            |     1 |       |       ||     1
         Scroll            |       |     3 |     3 ||     6
 Armour: Robe              |    83 |       |       ||    83
         Animal skin       |     7 |    82 |    21 ||   110
  Dodge: Dodged            |   103 |    62 |    16 ||   181

Table legend: (Time is in decaauts)
 A = Elapsed time spent in this place.
 B = Non-inter-level travel time spent in this place.
 C = Inter-level travel time spent in this place.
 D = Time resting spent in this place.
 E = Time spent auto-exploring this place.
 F = Levels seen in this place.
 G = Mean time per level.
                   A        B        C        D        E       F      G
               +--------+--------+--------+--------+--------+-----+--------+
         Total |   4936 |   4635 |    301 |    968 |   2323 |   7 |  705.1 |
       Dungeon |   4660 |   4359 |    301 |    790 |   2287 |   6 |  776.7 |
         Sewer |    275 |    275 |      0 |    178 |     35 |   1 |  275.0 |
               +--------+--------+--------+--------+--------+-----+--------+

Top non-repeatable levels by time:
     D:1: 1419 daAuts
     D:3: 1267 daAuts
     D:4: 1014 daAuts
     D:2: 628 daAuts
   Sewer: 275 daAuts
     D:6: 252 daAuts
     D:5: 78 daAuts
